 Dungeon Crawl Stone Soup version 0.22.1-1-ga44c0e56f4 (webtiles) character file.

6969 Morrissey the Basher (level 11, -6/69 HPs)
             Began as a Gargoyle Fighter on Nov 3, 2018.
             Was a Believer of Okawaru.
             Mangled by an orc warrior
             ... wielding the cursed +1 flail "Dacsuxe" {drain, +Rage rC- Str+7}
              (8 damage)
             ... on level 10 of the Dungeon.
             The game lasted 00:20:29 (9818 turns).

Morrissey the Basher (Gargoyle Fighter)             Turns: 9818, Time: 00:20:29

Health: -6/69      AC: 18    Str: 26    XL:     11   Next: 7%
Magic:  10/12      EV:  8    Int: 13    God:    Okawaru [**....]
Gold:   324        SH: 12    Dex: 12    Spells: 10/10 levels left

rFire    . . .     SeeInvis .   r - +1 flail
rCold    . . .     Gourm    .   c - +0 shield
rNeg     + . .     Faith    .   L - +0 scale mail
rPois    ∞         Spirit   .   (no helmet)
rElec    +         Reflect  .   J - scarf {cloud immunity}
rCorr    .         Harm     .   (no gloves)
MR       .....                  h - +1 pair of boots
Stlth    ..........             i - amulet of regeneration
HPRegen  0.61/turn              s - +5 ring of intelligence
MPRegen  0.13/turn              (no ring)

@: mighty, very slightly contaminated, invisible
A: negative energy resistance 1, electricity resistance, unbreathing,
petrification resistance, rot immunity, AC +8
a: Heroism, Renounce Religion


You were on level 10 of the Dungeon.
You worshipped Okawaru.
Okawaru was pleased with you.
You were not hungry.

You visited 2 branches of the dungeon, and saw 11 of its levels.

You collected 681 gold pieces.
You spent 357 gold pieces at shops.

Inventory:

Hand Weapons
 a - a +0 whip of flaming
 b - the +7 hunting sling "Fahaast" {speed, rPois}
   (You took it off a gnoll on level 9 of the Dungeon)

   Attacks with this weapon are significantly faster.
   It protects you from poison.
 r - a +1 flail (weapon)
Missiles
 M - 5 sling bullets
Armour
 c - a +0 shield (worn)
 h - a +1 pair of boots (worn)
 n - a +1 cloak
 J - a scarf of cloud immunity (worn)
 L - a +0 scale mail (worn)
Jewellery
 i - an amulet of regeneration (around neck)
 s - a +5 ring of intelligence (left hand)
 w - an uncursed ring of wizardry
Wands
 d - a wand of disintegration (12)
 e - a wand of clouds (5)
 p - a wand of flame (27)
 z - a wand of digging (8)
 I - a wand of enslavement (12)
Scrolls
 g - 2 scrolls of remove curse
 j - 5 scrolls of teleportation
 k - 2 scrolls of blinking
 o - 2 scrolls of enchant armour
 q - 4 scrolls of fear
 x - a scroll of acquirement {unknown}
 y - a scroll of fog {unknown}
 A - a scroll of enchant weapon
 C - a scroll of noise {unknown}
 F - a scroll of brand weapon
 G - 2 scrolls of amnesia
 N - a scroll of silence {unknown}
Potions
 l - 2 potions of flight
 t - a potion of agility {unknown}
 u - a potion of curing {unknown}
 v - 3 potions of mutation
 O - a potion of haste
Comestibles
 f - 22 rations


   Skills:
 + Level 8.8 Fighting
 * Level 10.6 Maces & Flails
 + Level 8.8 Armour
 + Level 8.8 Shields
 + Level 1.3 Invocations


You had 10 spell levels left.
You didn't know any spells.
Your spell library contained the following spells:

 Spells                   Type           Power        Failure   Level  Hunger
 Animate Skeleton         Necr           N/A          80%         1    ##.....
 Apportation              Tloc           #.....       80%         1    ##.....
 Confusing Touch          Hex            #.....       80%         1    ##.....
 Sandblast                Erth           #.....       80%         1    ##.....
 Summon Small Mammal      Summ           #...         80%         1    ##.....
 Call Imp                 Summ           #.......     91%         2    ###....
 Passwall                 Tmut/Erth      #.......     91%         2    ###....
 Stone Arrow              Conj/Erth      #.....       99%         3    ####...
 Summon Guardian Golem    Hex/Summ       #.......     99%         3    ####...
 Petrify                  Tmut/Erth      #.......     100%        4    #####..
 Summon Ice Beast         Ice/Summ       #.......     100%        4    #####..
 Irradiate                Conj/Tmut      #.........   100%        5    ######.
 Lee's Rapid Deconstruct  Erth           #.........   100%        5    ######.
 Summon Forest            Summ/Tloc      #.........   100%        5    ######.
 Hydra Form               Tmut           #.........   100%        6    #######
 Dragon Form              Tmut           #.........   100%        7    #######
 Statue Form              Tmut/Erth      Unusable     N/A         6    N/A

Dungeon Overview and Level Annotations

Branches:
Dungeon (10/15)            Temple (1/1) D:6
   Lair: D:8-11         Orc: D:9-12

Altars:
Ashenzari
Cheibriados
Dithmenos
Elyvilon
Fedhas
Gozag
Hepliaklqana
Kikubaaqudgha
Makhleb
Nemelex Xobeh
Okawaru
Qazlal
Ru
Sif Muna
Trog
Uskayaw
Vehumet
Wu Jian
Xom
Yredelemnul
Zin
The Shining One
Beogh

Shops:
D:7 ?

Annotations:
D:4 2 runed doors
D:9 Maurice


Innate Abilities, Weirdness & Mutations

You are resistant to torment.
Your stone body is resilient. (AC +8)
You are immune to poison.
You resist negative energy. (rN+)
You are resistant to electric shocks. (rElec)
You can survive without breathing.
You are immune to petrification.
You are immune to rotting.


Message History

You bludgeon pyumi's ghost!!
Pyumi's ghost is almost destroyed.
Pyumi's ghost barely misses you.
Your shield and scale mail prevent you from hitting pyumi's ghost.
Pyumi's ghost is almost destroyed.
You block pyumi's ghost's attack.
You barely miss pyumi's ghost.
Pyumi's ghost is almost destroyed.
Pyumi's ghost hits you!!
* * * LOW HITPOINT WARNING * * *
You thump pyumi's ghost!
You destroy pyumi's ghost!
Okawaru is honoured by your kill.
Your Invocations skill increases to level 1!
You have reached level 11!
You catch the helpless orc warrior completely off-guard!
You sock the orc warrior!
The orc warrior is moderately wounded.
The orc warrior hits you with a fine flail {drain}!
You die...

## ## #.#8....[_[)..
#.# #.##.........[.
#.# #.# #.#8#..8..#8
#.###.# #.###.....##
#.#@# #....#####..
#o## #o...o......
##.## #######'''###
####o###8...........
#.....o.o..o)...####
#########o......#
###.....##.##
#...######..###
#...### ##....


You could see an orc warrior.

Vanquished Creatures
  The ghost of pyumi the Fighter, a journeyman MiBe of Trog (D:10)
  Pikel (D:7)
  A troll (D:9)
  2 hippogriffs
  A meliai zombie (D:6)
  A wyvern (D:9)
  4 yaks
  2 hungry ghosts
  Menkaure (D:4)
  Duvessa (D:5)
  6 ice beasts
  A slave (D:7)
  4 sky beasts
  A necrophage (D:9)
  3 phantoms
  4 ogres
  3 centaurs
  A gnoll sergeant (D:9)
  3 bullfrogs
  Dowan (D:5)
  A scorpion (D:3)
  2 water moccasin skeletons
  3 howler monkeys
  3 crimson imps
  A quasit (D:9)
  7 orc priests
  3 jellies
  A bullfrog skeleton (D:5)
  7 hounds
  An iguana (D:4)
  10 orc wizards
  5 worker ants
  A hound zombie (D:9)
  2 hound skeletons
  A worker ant zombie (D:8)
  8 gnolls
  A river rat (D:5)
  8 adders
  2 shadow imps
  4 adder skeletons
  6 worms
  7 leopard geckos
  24 orcs
  11 giant cockroaches
  10 goblins
  9 hobgoblins
  6 jackals
  2 quokkas (D:2)
  11 bats
  5 frilled lizards
  2 goblin skeletons (D:6)
  2 goblin zombies (D:6)
  3 hobgoblin zombies (D:6)
  10 kobolds
  2 kobold skeletons (D:6)
  A kobold zombie (D:6)
  2 leopard gecko skeletons
  An orc zombie (D:6)
  2 quokka skeletons
  7 rats
  A butterfly (D:6)
237 creatures vanquished.

Notes
Turn   | Place    | Note
-------+----------+-------------------------------------------
     0 | D:1      | Morrissey the Gargoyle Fighter began the quest for the Orb.
     0 | D:1      | Reached XP level 1. HP: 14/14 MP: 1/1
   236 | D:1      | Reached XP level 2. HP: 19/19 MP: 2/2
  1120 | D:2      | Reached XP level 3. HP: 23/23 MP: 3/3
  1566 | D:2      | Reached skill level 3 in Maces & Flails
  1590 | D:2      | Reached XP level 4. HP: 28/29 MP: 4/4
  2628 | D:4      | Reached XP level 5. HP: 31/33 MP: 5/5
  2652 | D:4      | Noticed a hungry ghost
  2708 | D:3      | Killed a hungry ghost
  2708 | D:3      | Reached skill level 4 in Maces & Flails
  2708 | D:3      | Reached XP level 6. HP: 33/39 MP: 6/6
  3072 | D:4      | Reached XP level 7. HP: 28/44 MP: 7/7
  3226 | D:3      | Reached skill level 5 in Maces & Flails
  3400 | D:4      | Found a large runed door.
  3403 | D:4      | Found a large runed door.
  3418 | D:4      | Found a large runed door.
  3418 | D:4      | Found a large runed door.
  3515 | D:4      | Reached skill level 5 in Armour
  3850 | D:4      | Reached skill level 5 in Fighting
  3850 | D:4      | Reached skill level 5 in Shields
  4258 | D:4      | Noticed a yak
  4278 | D:4      | Killed a yak
  4278 | D:4      | Reached XP level 8. HP: 50/50 MP: 8/8
  4296 | D:4      | Identified the Tome of the Escort
  4319 | D:5      | Entered Level 5 of the Dungeon
  4344 | D:4      | Reached skill level 6 in Maces & Flails
  4523 | D:5      | Noticed Menkaure
  4544 | D:4      | Killed Menkaure
  4684 | D:5      | Noticed Dowan
  4685 | D:5      | Noticed Duvessa
  4708 | D:5      | Killed Duvessa
  4708 | D:5      | Reached skill level 7 in Maces & Flails
  4714 | D:5      | Killed Dowan
  4761 | D:5      | Reached XP level 9. HP: 50/56 MP: 9/9
  5064 | D:5      | Found a glowing drain.
  5517 | D:6      | Found a glowing golden altar of the Shining One.
  5645 | D:6      | Reached skill level 8 in Maces & Flails
  6196 | D:6      | Found a staircase to the Ecumenical Temple.
  6201 | Temple   | Entered the Ecumenical Temple
  6421 | D:7      | Found a burning altar of Makhleb.
  6440 | D:7      | Found a radiant altar of Vehumet.
  6470 | D:7      | Found Kusipt's Magic Scroll Shop.
  6473 | D:7      | Bought a scroll of identify for 26 gold pieces
  6473 | D:7      | Bought a scroll of identify for 26 gold pieces
  6473 | D:7      | Bought a scroll of brand weapon for 260 gold pieces
  6473 | D:7      | Bought a scroll of amnesia for 45 gold pieces
  6482 | D:7      | Noticed Pikel
  6570 | D:7      | Killed Pikel
  6834 | D:7      | Found an opulent altar of Gozag.
  7292 | D:8      | Reached skill level 9 in Maces & Flails
  7292 | D:8      | Reached XP level 10. HP: 63/63 MP: 10/10
  7500 | D:8      | Found an ornate altar of the Wu Jian Council.
  8085 | D:9      | Found an iron altar of Okawaru.
  8126 | D:9      | Became a worshipper of Warmaster Okawaru
  8541 | D:9      | Found a radiant altar of Vehumet.
  8548 | D:9      | Found an ancient bone altar of Kikubaaqudgha.
  8613 | D:9      | Reached * piety under Okawaru
  8745 | D:9      | Reached skill level 10 in Maces & Flails
  8796 | D:9      | Got a jewelled hunting sling
  8800 | D:9      | Identified the +7 hunting sling "Fahaast" {speed, rPois}
                  | (You took it off a gnoll on level 9 of the Dungeon)
  8934 | D:9      | Noticed Maurice
  9086 | D:10     | Entered Level 10 of the Dungeon
  9264 | D:9      | Reached ** piety under Okawaru
  9657 | D:10     | Found a runed gate.
  9686 | D:10     | Found a runed gate.
  9686 | D:10     | Noticed pyumi's ghost (journeyman MiBe)
  9687 | D:10     | Found a runed gate.
  9690 | D:10     | Found a roughly hewn altar of Beogh.
  9797 | D:10     | HP: 3/65 [pyumi's ghost (15)]
  9816 | D:10     | HP: 1/65 [pyumi's ghost (20)]
  9817 | D:10     | Killed pyumi's ghost
  9817 | D:10     | Reached skill level 1 in Invocations
  9817 | D:10     | Reached XP level 11. HP: 1/69 MP: 10/12
  9818 | D:10     | Identified the cursed +1 flail "Dacsuxe" {drain, +Rage rC-
                  | Str+7}
  9818 | D:10     | Mangled by an orc warrior

Skill      XL: |  1  2  3  4  5  6  7  8  9 10 |
---------------+-------------------------------+-----
Maces & Flails | 3 4 5 7 9 10 | 10.6
Fighting       | 4 5 6 7 8 |  8.8
Armour         | 4 5 6 7 8 |  8.8
Shields        | 4 5 6 7 8 |  8.8
Invocations    | 1 |  1.3

Action                   |  1- 3 |  4- 6 |  7- 9 | 10-12 || total
-------------------------+-------+-------+-------+-------++-------
Melee: Flail             |   159 |   214 |   429 |     6 ||   808
       Whip              |       |       |    65 |   595 ||   660
 Fire: Hunting sling     |       |       |       |    11 ||    11
Invok: Heroism           |       |       |       |     2 ||     2
Evoke: Wand              |       |     5 |     1 |     5 ||    11
  Use: Potion            |       |     1 |       |     8 ||     9
       Scroll            |       |       |    14 |     1 ||    15
 Stab: Invisible         |       |       |       |     1 ||     1
  Eat: Chunk             |     2 |     9 |    14 |     5 ||    30
       Ration            |       |     4 |       |     3 ||     7
Armor: Scale mail        |    98 |   163 |   253 |   248 ||   762
Dodge: Dodged            |    63 |    83 |   137 |   120 ||   403
Block: Shield            |    98 |   151 |   225 |   221 ||   695
